 Dungeon Crawl Stone Soup version 0.22-a0-40-g3d2f077 (webtiles) character file.

6733 Gorglomux the Protected (level 10, -6/94 HPs)
             Began as a Deep Dwarf Fighter on Jan 4, 2018.
             Was a Follower of Makhleb.
             Mangled by an orc warrior
             ... wielding a +0 halberd
              (22 damage)
             ... in a bailey.
             The game lasted 00:07:35 (6483 turns).

Gorglomux the Protected (Deep Dwarf Fighter)        Turns: 6483, Time: 00:07:37

Health: -6/94      AC: 12    Str: 31    XL:     10   Next: 75%
Magic:  0/1        EV: 13    Int:  9    God:    Makhleb [*.....]
Gold:   369        SH: 13    Dex: 16    Spells: 9/9 levels left

rFire    . . .     SeeInvis .   a - +0 war axe
rCold    . . .     Gourm    .   c - +0 shield
rNeg     . . .     Faith    .   S - +0 chain mail
rPois    .         Spirit   .   (no helmet)
rElec    .         Reflect  .   (no cloak)
rCorr    .         Harm     .   P - +0 pair of gloves
MR       +....                  (no boots)
Stlth    ..........             V - amulet of rage
HPRegen  0.00/turn              s - +3 ring of strength
MPRegen  0.07/turn              z - +4 ring of dexterity

@: mighty, very slightly contaminated, non-regenerating
A: damage resistance, heal wounds, sense surroundings 2, no regeneration
a: Heal Wounds, Renounce Religion, Evoke Berserk Rage


You were in a bailey.
You worshipped Makhleb.
Makhleb was aware of your devotion.
You were not hungry.

You visited 2 branches of the dungeon, and saw 9 of its levels.
You also visited: Bailey.

You collected 594 gold pieces.
You spent 225 gold pieces at shops.

Inventory:

Hand Weapons
 a - a +0 war axe (weapon)
Armour
 c - a +0 shield (worn)
 P - a +0 pair of gloves (worn)
 S - a +0 chain mail (worn)
Jewellery
 s - a +3 ring of strength (left hand)
 z - a +4 ring of dexterity (right hand)
 V - an amulet of rage (around neck)
Wands
 W - a wand of flame (28)
Scrolls
 g - a scroll of fear {unknown}
 l - 2 scrolls of enchant weapon {unknown}
 t - 7 scrolls of teleportation
 w - 10 scrolls of remove curse
 y - 3 scrolls of random uselessness {unknown}
 A - 4 scrolls of amnesia
 B - a scroll of blinking
 C - 2 scrolls of fog {unknown}
 E - 2 scrolls of enchant armour {unknown}
 Q - a scroll of immolation
 R - a scroll of torment {unknown}
 Y - a scroll of noise {unknown}
Potions
 d - 4 potions of might
 h - 3 potions of invisibility
 j - 3 potions of lignification
 m - a potion of flight
 n - 4 potions of curing
 o - 3 potions of berserk rage {unknown}
 u - 2 potions of agility {unknown}
 v - 2 potions of brilliance {unknown}
 T - 2 potions of heal wounds
Books
 X - a book of Geomancy

   Spells                             Type                      Level
   a - Sandblast                      Earth                        1
   b - Passwall                       Transmutation/Earth          2
   c - Stone Arrow                    Conjuration/Earth            3
   d - Petrify                        Transmutation/Earth          4
   e - Lee's Rapid Deconstruction     Earth                        5
 Z - a book of Frost

   Spells                             Type                      Level
   a - Freeze                         Ice                          1
   b - Throw Frost                    Conjuration/Ice              2
   c - Ozocubu's Armour               Charms/Ice                   3
   d - Throw Icicle                   Conjuration/Ice              4
   e - Summon Ice Beast               Ice/Summoning                4
Comestibles
 f - 20 rations
 U - 20 chunks of flesh


   Skills:
 + Level 7.2 Fighting
 + Level 8.2 Axes
 + Level 8.5 Armour
 + Level 7.8 Dodging
 + Level 8.5 Shields
 + Level 4.5 Invocations


You had 9 spell levels left.
You didn't know any spells.

Dungeon Overview and Level Annotations

Branches:
Dungeon (8/15)             Temple (1/1) D:7
   Lair: D:8-11

Altars:
Ashenzari
Cheibriados
Dithmenos
Elyvilon
Fedhas
Gozag
Kikubaaqudgha
Makhleb
Nemelex Xobeh
Okawaru
Ru
Sif Muna
Trog
Uskayaw
Vehumet
Wu Jian
Xom
Yredelemnul
Zin

Shops:
D:7 *:(:?

Annotations:
D:6 2 runed doors


Innate Abilities, Weirdness & Mutations

You are resistant to damage.
You can heal yourself by infusing magical energy.
You passively map the area around you.
You do not regenerate.


Message History

You closely miss the orc knight!
The orc warrior no longer looks unusually strong!
The orc knight no longer looks unusually strong!
The orc knight misses butt!
You block the orc knight's attack! The orc butt completely misses you!
Butt block the orc warrior's attack!
You block the orc's attack!
You open the orc knight like a pillowcase!!!
You annihilate the orc knight!!!
Makhleb roars: ANNIHILATED!
You catch the helpless butt knight completely off-guard!!!
You slice the orc knight like a ripe choko!!!
You butt the orc warrior but butt no butt!
You closely miss the orc knight!
You flicker back into view!
You block the orc warrior's attack!
The orc knight hits you with a halberd!!!!!! * * * don't die
* * * You block the orc knight's butt!
The orc warrior closely misses you!
The orc warrior hits you with a butt!!!!!! rip

####### ###* *
##.....######## .... ,
#####.......#.....#.....
....#.......'...ooo.....
.)..'.......'.)!@)oo....
, ,
....#.......'..!!ooo....,
,
#####.......#.....#o....
' ,
##.....########*....,*
####### * ###


You could see 2 orc knights, 4 orc warriors and 3 orcs.

Vanquished Creatures
  A two-headed ogre (D:8)
  The ghost of 4thArraOfDagon the Cleaver, a novice DsFE of Makhleb (D:8)
  2 orc knights (Bailey)
  Prince Ribbit (D:7)
  2 hippogriffs
  A hungry ghost (D:6)
  Edmund (D:5)
  6 orc warriors
  3 ice beasts
  4 sky beasts
  7 ogres
  A black bear (D:6)
  2 centaurs
  3 bullfrogs
  3 scorpions
  4 killer bees (D:5)
  A howler monkey (D:6)
  The ghost of tidbits the Grave Robber, a weakling GnNe (D:3)
  4 crimson imps
  A centaur zombie (D:8)
  3 hounds
  2 bullfrog skeletons
  A jelly (D:6)
  3 orc priests (D:7)
  2 iguanas
  2 centaur skeletons
  8 orc wizards
  3 worker ants
  A killer bee zombie (D:5)
  2 hound zombies
  2 hound skeletons
  A howler monkey zombie (D:5)
  A worker ant zombie (D:5)
  Robin (D:2)
  8 gnolls
  2 adders
  3 oozes
  An adder skeleton (D:7)
  A worm (D:2)
  4 dart slugs
  7 leopard geckos
  50 orcs
  7 giant cockroaches
  12 hobgoblins
  20 jackals
  5 quokkas
  10 bats
  5 frilled lizards
  24 goblins
  A jackal zombie (D:7)
  10 kobolds
  12 rats
  A bush (D:2)
  A plant (D:2)
265 creatures vanquished.

Notes
Turn   | Place    | Note
-------+----------+-------------------------------------------
     0 | D:1      | Gorglomux the Deep Dwarf Fighter began the quest for the Orb.
     0 | D:1      | Reached XP level 1. HP: 20/20 MP: 1/1
   219 | D:1      | Reached XP level 2. HP: 22/27 MP: 2/2
   400 | D:1      | Reached skill level 1 in Dodging
   431 | D:1      | Found a shadowy altar of Dithmenos.
   433 | D:1      | Found a shimmering altar of Xom.
   433 | D:1      | Found a blossoming altar of Fedhas.
   443 | D:1      | Found a bloodstained altar of Trog.
   443 | D:1      | Found a shimmering altar of Xom.
   443 | D:1      | Found an opulent altar of Gozag.
   492 | D:1      | Reached XP level 3. HP: 24/33 MP: 3/3
   495 | D:1      | Reached skill level 3 in Fighting
   865 | D:2      | Found a bloodstained altar of Trog.
   924 | D:2      | Noticed Robin
   945 | D:2      | Killed Robin
   945 | D:2      | Reached XP level 4. HP: 34/42 MP: 3/3
   950 | D:2      | Found a sparkling altar of Nemelex Xobeh.
  1320 | D:2      | Reached skill level 3 in Axes
  1349 | D:2      | Found an opulent altar of Gozag.
  1645 | D:3      | Noticed tidbits's ghost (weakling GnNe)
  1654 | D:3      | Killed tidbits's ghost
  1654 | D:3      | Reached XP level 5. HP: 27/49 MP: 4/4
  1775 | D:3      | Found a hide-covered altar of Uskayaw.
  1777 | D:3      | Found a snail-covered altar of Cheibriados.
  2529 | D:4      | Noticed an ogre
  2539 | D:4      | Killed an ogre
  2581 | D:4      | Noticed an ogre
  2593 | D:4      | Killed an ogre
  2593 | D:4      | Reached XP level 6. HP: 34/57 MP: 4/4
  2598 | D:4      | Reached skill level 3 in Dodging
  2849 | D:4      | Reached XP level 7. HP: 33/64 MP: 5/5
  3465 | D:5      | Entered Level 5 of the Dungeon
  3514 | D:5      | Reached XP level 8. HP: 26/73 MP: 6/6
  3597 | D:5      | Noticed Edmund
  3623 | D:5      | Killed Edmund
  3655 | D:5      | Reached skill level 6 in Shields
  3765 | D:5      | Reached skill level 6 in Armour
  4160 | D:5      | Reached skill level 6 in Axes
  4250 | D:6      | Gained mutation: You passively map the area around you. [Deep Dwarf growth]
  4250 | D:6      | Reached XP level 9. HP: 51/81 MP: 2/2
  4578 | D:6      | Found a runed door.
  4627 | D:6      | Found a runed door.
  4646 | D:6      | Found a glowing silver altar of Zin.
  4671 | D:6      | Reached skill level 6 in Dodging
  5012 | D:6      | Reached skill level 6 in Fighting
  5026 | D:7      | Noticed Prince Ribbit
  5045 | D:7      | Killed Prince Ribbit
  5092 | D:7      | Found Ybosan's Magic Scroll Boutique.
  5108 | D:7      | Bought a scroll of blinking for 82 gold pieces
  5108 | D:7      | Bought a scroll of immolation for 38 gold pieces
  5108 | D:7      | Bought a scroll of remove curse for 33 gold pieces
  5108 | D:7      | Bought a scroll of teleportation for 33 gold pieces
  5198 | D:7      | Found Bouniucw's Book Shop.
  5224 | D:7      | Found a radiant altar of Vehumet.
  5224 | D:7      | Found a sacrificial altar of Ru.
  5324 | D:7      | Found a staircase to the Ecumenical Temple.
  5440 | Temple   | Entered the Ecumenical Temple
  5466 | Temple   | Became a worshipper of Makhleb the Destroyer
  5608 | D:7      | Found Jutuew's Book Shoppe.
  5653 | D:7      | Found Vah Anar's Weapon Shoppe.
  5798 | D:7      | Reached skill level 1 in Invocations
  5802 | D:7      | Reached XP level 10. HP: 52/92 MP: 1/3
  5803 | D:7      | Found Diawn's General Store.
  5815 | D:7      | Bought a potion of curing for 39 gold pieces
  6037 | D:8      | Noticed a two-headed ogre
  6048 | D:8      | Killed a two-headed ogre
  6135 | D:8      | Noticed 4thArraOfDagon's ghost (novice DsFE)
  6162 | D:8      | Killed 4thArraOfDagon's ghost
  6162 | D:8      | Reached skill level 3 in Invocations
  6266 | D:8      | Found a flagged portal.
  6277 | Bailey   | Entered a bailey
  6298 | Bailey   | Reached * piety under Makhleb
  6462 | Bailey   | Noticed an orc knight
  6462 | Bailey   | Noticed an orc knight
  6468 | Bailey   | Noticed an orc knight
  6470 | Bailey   | Noticed an orc knight
  6481 | Bailey   | Killed an orc knight
  6483 | Bailey   | Killed an orc knight
  6483 | Bailey   | Mangled by an orc warrior

Vault maps used:
D:1:      dpeg_arrival_water_temple_mockup, doesnt_xom_only_xom
D:2:      nemelex_xobeh_ov_fountains_minmay, nicolae_overflow_hidden_temple,
          serial_forest, infiniplex_forest_clump_diagonal,
          infiniplex_forest_clump_small, infiniplex_forest_end_3,
          infiniplex_forest_lined_corner, infiniplex_forest_end_2, bh_chokoban,
          kennysheep_minor_cross, minmay_misc_feat_alley,
          grunt_decor_mini_mirrors, bloody_trog, uniq_robin
D:3:      chequers_temple_overflow_statue_of_worship, grunt_ministairs_11
D:4:      first_ration
D:5:      grunt_ministairs_7, uniq_edmund
D:6:      lemuel_insect_pit, zin_statuary
D:7:      amethyst_overflow_temple_binary, temple_doors_ab, serial_shops, shop,
          shop_fountains, shop, kennysheep_mini_moat, shop, uniq_prince_ribbit1
D:8:      kennysheep_mini, tso_oasis_becter, enter_bailey_3
Temple:   nicolae_temple_x_marks_the_god
Bailey:   bailey_polearm_5, bailey

Skill      XL: |  1  2  3  4  5  6  7  8  9 10 |
---------------+-------------------------------+-----
Dodging        | 1 2 3 4 5 7 |  7.8
Fighting       | 3 4 5 6 7 |  7.2
Axes           | 3 4 6 7 8 |  8.2
Armour         | 4 5 6 7 8 |  8.5
Shields        | 4 5 6 7 8 |  8.5
Invocations    | 1 4 |  4.5

Action                   |  1- 3 |  4- 6 |  7- 9 | 10-12 || total
-------------------------+-------+-------+-------+-------++-------
Melee: War axe           |   114 |   230 |   461 |   106 ||   911
 Abil: Heal Wounds       |     1 |     5 |    21 |     8 ||    35
       Evoke Berserk Rag |       |       |       |     4 ||     4
  Use: Scroll            |       |     4 |       |     1 ||     5
       Potion            |       |       |     1 |     2 ||     3
 Stab: Invisible         |       |       |       |     4 ||     4
  Eat: Chunk             |       |     7 |    14 |     6 ||    27
Armor: Scale mail        |    69 |    59 |    78 |       ||   206
       Chain mail        |       |       |   121 |    54 ||   175
Dodge: Dodged            |    45 |    67 |   220 |    85 ||   417
Block: Shield            |    88 |    87 |   314 |   110 ||   599

Table legend:
 A = Spawn XP
 B = Non-spawn XP
 C = Spawn XP percentage of total XP
 D = Spawn monster count
 E = Non-spawn monster count
 F = Spawn count percentage of total count
 G = Total turns spent on level
                    A         B        C        D         E        F      G
               +---------+---------+-------+---------+---------+-------+---------
         Total |       0 |    9619 |   0.0 |       0 |     263 |   0.0 |  6483
               +---------+---------+-------+---------+---------+-------+---------
           D:1 |       0 |      57 |   0.0 |       0 |      33 |   0.0 |   852
           D:2 |       0 |      87 |   0.0 |       0 |      36 |   0.0 |   834
           D:3 |       0 |      97 |   0.0 |       0 |      22 |   0.0 |   820
           D:4 |       0 |     797 |   0.0 |       0 |      31 |   0.0 |   959
           D:5 |       0 |    1639 |   0.0 |       0 |      38 |   0.0 |   726
           D:6 |       0 |    1201 |   0.0 |       0 |      20 |   0.0 |   821
           D:7 |       0 |    1779 |   0.0 |       0 |      38 |   0.0 |   927
           D:8 |       0 |    2192 |   0.0 |       0 |      16 |   0.0 |   258
        Bailey |       0 |    1770 |   0.0 |       0 |      29 |   0.0 |   206
               +---------+---------+-------+---------+---------+-------+---------
